[Event "GER-chT Youth Countries 2018"]
[Site "Wurzburg"]
[Date "2018.10.03"]
[Round "1"]
[White "von Krosigk, Florian"]
[Black "Arakelian, Aik"]
[Result "1-0"]
[ECO "C50"]
[WhiteElo "1897"]
[BlackElo "1879"]
[Annotator "NA"]
[PlyCount "89"]
[EventDate "2018.10.03"]
[EventType "team-tourn"]
[EventCountry "GER"]
[SourceTitle "playchess.com"]
[Source "ChessBase"]
[SourceQuality "1"]
[TimeControl "40/5400+30:1800+30"]

1. e4 e5 2. Nf3 Nc6 3. Bc4 Nf6 4. d3 Bc5 5. O-O d6 6. c3 Bb6 7. Nbd2 O-O 8. Bb3 a6 9. h3 Be6 10. Bc2 h6 11. Re1 Re8 12. Nf1 d5 13. exd5 Nxd5 14. Ne3 Nf4 15. Ng4 Bxg4 16. hxg4 Qf6 17. Bxf4 Qxf4 18. Re4 Qf6 19. Qe2 Re7 20. Re1 Ba7 21. d4 Rae8 22. d5 Nb8 23. c4 Bc5 24. a3 a5 25. Qd2 Qb6 26. Rxe5 Rxe5 27. Rxe5 Rxe5 28. Nxe5 Bd4 29. Nd3 Nd7 30. b4 axb4 31. axb4 Nf6 32. c5 Qa6 33. Nf4 Qa1+ 34. Qd1 Nxg4 35. Qxa1 Bxa1 36. Be4 g5 37. Nd3 Nf6 38. d6 c6 39. Bf5 Nd5 40. Bc8 b6 41. Bb7 bxc5 42. bxc5 Kf8 43. Bxc6 Nf6 44. Ba4 Nd5 45. c6 1-0

[Event "GER-chT Youth Countries 2018"]
[Site "Wurzburg"]
[Date "2018.10.03"]
[Round "1"]
[White "Bui, Ngoc Han Julia"]
[Black "Halas, Julia"]
[Result "1-0"]
[ECO "C11"]
[WhiteElo "1876"]
[BlackElo "1972"]
[Annotator "NA"]
[PlyCount "69"]
[EventDate "2018.10.03"]
[EventType "team-tourn"]
[EventCountry "GER"]
[SourceTitle "playchess.com"]
[Source "ChessBase"]
[SourceQuality "1"]
[TimeControl "40/5400+30:1800+30"]

1. e4 e6 2. d4 d5 3. Nc3 Nf6 4. e5 Nfd7 5. f4 c5 6. Nf3 Nc6 7. Be3 Be7 8. Qd2 O-O 9. dxc5 Qa5 10. O-O-O b6 11. Bb5 Bb7 12. Kb1 Kh8 13. cxb6 axb6 14. Nd4 Rfc8 15. Nb3 Qa7 16. a3 Nc5 17. Bxc6 Bxc6 18. Qf2 Qb7 19. Bd4 Na4 20. Nxa4 Bxa4 21. f5 Qc6 22. f6 gxf6 23. exf6 Bf8 24. Rd3 b5 25. Rc3 Qd6 26. Bc5 Qd8 27. Bxf8 Qxf8 28. Rh3 b4 29. Qh4 h6 30. Qf4 Kh7 31. Rg3 Rc4 32. Qd2 Kh8 33. Rg7 Rh4 34. Qd3 Re4 35. Qh3 1-0

[Event "GER-chT Youth Countries 2018"]
[Site "Wurzburg"]
[Date "2018.10.03"]
[Round "1"]
[White "Browning, Rebecca"]
[Black "Genov, Valentin"]
[Result "1-0"]
[ECO "B21"]
[WhiteElo "1873"]
[BlackElo "1756"]
[Annotator "NA RC"]
[PlyCount "35"]
[EventDate "2018.10.03"]
[EventType "team-tourn"]
[EventCountry "GER"]
[SourceTitle "playchess.com"]
[Source "ChessBase"]
[SourceQuality "1"]
[TimeControl "40/5400+30:1800+30"]

1. e4 c5 2. d4 cxd4 3. c3 e6 4. cxd4 Nf6 5. Nc3 Bb4 6. Bd3 Qa5 7. Nge2 Nc6 8. O-O b5 9. Nxb5 Nxe4 10. Bf4 O-O 11. Nc7 Rb8 12. Bxe4 e5 13. dxe5 Qxc7 {[%emt 0:04:27] [#]} 14. e6 $1 d6 15. Rc1 Bb7 16. exf7+ Kh8 17. a3 Bc5 {[%emt 0:08:50] [#]} 18. Rxc5 $18 1-0

[Event "GER-chT Youth Countries 2018"]
[Site "Wurzburg"]
[Date "2018.10.03"]
[Round "1"]
[White "Koenze, Heike"]
[Black "Lutz, Adam"]
[Result "1-0"]
[ECO "B40"]
[WhiteElo "1845"]
[BlackElo "1787"]
[Annotator "NA"]
[PlyCount "79"]
[EventDate "2018.10.03"]
[EventType "team-tourn"]
[EventCountry "GER"]
[SourceTitle "playchess.com"]
[Source "ChessBase"]
[SourceQuality "1"]
[TimeControl "40/5400+30:1800+30"]

1. e4 c5 2. Nf3 e6 3. d4 cxd4 4. Nxd4 Nf6 5. Bd3 a6 6. a4 Be7 7. Nc3 d6 8. O-O O-O 9. Be3 {[%emt 0:04:15] B42: Sizilianisch (Paulsen-Variante)} (9. a5 e5 10. Nb3 Be6 11. Nd5 Nxd5 12. exd5 Bc8 13. Be3 Nd7 14. c4 g6 15. Qd2 f5 16. f3 Nf6 {1-0 (36) Tsydypov,Z (2520)-Tran,M (2335) St Petersburg 2018}) 9... Qc7 10. f4 Nbd7 11. Nb3 b6 12. Qe2 Bb7 13. Rad1 Rfe8 14. Bf2 $146 ({Vorgänger:} 14. Kh1 Nc5 15. Nxc5 bxc5 {0-1 (35) Banegas Gomez,R-Ayza Ballester,J (2315) Ponferrada 1992}) 14... Nc5 15. Nxc5 bxc5 16. Bg3 Qb6 17. a5 Qxa5 18. e5 Nd5 19. Nxd5 exd5 20. e6 Rf8 21. c3 Qb6 22. Bb1 a5 23. Rf2 f5 24. Kh1 g6 25. Ba2 c4 26. Rff1 a4 ({Better is} 26... Bf6 $17 27. Bf2 Qc7) 27. Bf2 Qb5 (27... Qc7 $17) 28. Bd4 $11 Rab8 29. Rd2 Rbe8 30. Bb1 Bc8 31. g4 Bf6 32. gxf5 Bxd4 33. cxd4 gxf5 34. Rg1+ Kh8 35. Bxf5 Rxf5 36. Qg4 Rf7 37. Rdg2 h6 38. Qg8+ Rxg8 39. Rxg8+ Kh7 40. exf7 1-0

[Event "GER-chT Youth Countries 2018"]
[Site "Wurzburg"]
[Date "2018.10.03"]
[Round "1"]
[White "Bashylina, Luisa"]
[Black "Ruhmke, Rebecca"]
[Result "1-0"]
[ECO "B01"]
[WhiteElo "1837"]
[BlackElo "1399"]
[Annotator "NA"]
[PlyCount "86"]
[EventDate "2018.10.03"]
[EventType "team-tourn"]
[EventCountry "GER"]
[SourceTitle "playchess.com"]
[Source "ChessBase"]
[SourceQuality "1"]
[TimeControl "40/5400+30:1800+30"]

1. e4 d5 2. exd5 Nf6 3. Nc3 Nxd5 4. Bc4 Nb6 5. Be2 Nc6 6. Nf3 e5 {[%emt 0:06:01] B02: Alekhine's Defence: Chase Variation and lines with early Nc3} (6... Bf5 7. O-O e6 8. d3 Be7 9. Be3 O-O 10. Re1 Qd7 11. a3 Rad8 12. Qc1 Rfe8 13. Ne4 h6 14. Nfd2 {0-1 (43) Pandurevic,M (2286)-Zelcic,R (2587) Bizovac 2008}) 7. d3 Bd6 $146 ({Predecessor:} 7... Be7 8. O-O {½-½ (8) Nogueira,I (2253)-Borges,L (2227) Serra Negra 2002}) 8. Be3 O-O 9. O-O Bf5 10. a4 Re8 11. Nd2 Qf6 12. a5 Nd7 13. Nc4 Nd4 14. Bf3 c6 15. Be4 Bc5 16. Qd2 Qg6 17. Kh1 Rad8 18. Rfe1 a6 19. Bxf5 Nxf5 20. Bxc5 Nxc5 21. Nxe5 Qf6 $16 22. Nf3 Re6 23. Rxe6 Nxe6 24. Ne4 Qxb2 25. Re1 Nfd4 26. Nxd4 Qxd4 27. f3 h6 28. Rb1 Rd5 29. g3 Rb5 30. Rxb5 cxb5 31. Kg2 Qa4 32. Nd6 Nc5 33. Qc3 Ne6 34. Nxb7 Nd4 35. Nc5 Qxc2+ 36. Qxc2 Nxc2 37. Nxa6 b4 38. Nc5 Nd4 39. a6 Nb5 40. Kf2 Kf8 41. Ke3 Ke7 42. Nb3 Ke6 43. Nd4+ Kd5 1-0

[Event "GER-chT Youth Countries 2018"]
[Site "Wurzburg"]
[Date "2018.10.03"]
[Round "1"]
[White "Werner, Denis"]
[Black "Schilay, Eva"]
[Result "1-0"]
[ECO "B07"]
[WhiteElo "1817"]
[BlackElo "1690"]
[Annotator "NA RC"]
[PlyCount "65"]
[EventDate "2018.10.03"]
[EventType "team-tourn"]
[EventCountry "GER"]
[SourceTitle "playchess.com"]
[Source "ChessBase"]
[SourceQuality "1"]
[TimeControl "40/5400+30:1800+30"]

1. e4 d6 2. d4 Nf6 3. Nc3 e5 4. dxe5 dxe5 5. Qxd8+ Kxd8 6. Bc4 Be6 7. Bxe6 fxe6 8. Be3 c6 9. O-O-O+ Kc7 10. f3 Nbd7 11. Nh3 h6 12. Nf2 Bc5 13. Bxc5 Nxc5 14. b4 Ncd7 15. Nd3 b5 16. a4 bxa4 17. Nxa4 a5 18. Nac5 Rhe8 19. c3 axb4 20. cxb4 Ra2 21. Rhg1 g5 22. h3 Re7 23. g4 Rh2 24. Rh1 Rxh1 25. Rxh1 Nxc5 26. bxc5 Nd7 27. Kd2 Re8 28. h4 Rg8 29. hxg5 hxg5 30. Rh6 Rf8 31. Ke3 Rf6 32. Rxf6 Nxf6 33. Nxe5 1-0

[Event "GER-chT Youth Countries 2018"]
[Site "Wurzburg"]
[Date "2018.10.03"]
[Round "1"]
[White "Bardorz, Jana"]
[Black "Hetzner, Hannes"]
[Result "0-1"]
[ECO "C06"]
[WhiteElo "1810"]
[BlackElo "1855"]
[Annotator "NA"]
[PlyCount "78"]
[EventDate "2018.10.03"]
[EventType "team-tourn"]
[EventCountry "GER"]
[SourceTitle "playchess.com"]
[Source "ChessBase"]
[SourceQuality "1"]
[TimeControl "40/5400+30:1800+30"]

1. e4 e6 2. d4 d5 3. Nd2 Nf6 4. e5 Nfd7 5. Bd3 c5 6. c3 Nc6 7. Ne2 cxd4 8. cxd4 f6 9. exf6 Nxf6 10. Nf3 Bd6 11. O-O Qc7 12. Bg5 O-O 13. Bh4 Nh5 14. Qc2 h6 15. Bh7+ {[%emt 0:03:12] C06: French Tarrasch: 3...Nf6 4 e5 Nfd7 5 Bd3 main lines} Kh8 16. Bg6 Nf4 17. Nxf4 Bxf4 (17... Rxf4 18. Bg3 Rxf3 19. gxf3 Qe7 20. Rad1 Bd7 21. Qc3 Rf8 22. Bb1 Kg8 {1-0 (41) Artemiev,V (2653)-Onischuk,V (2615) Martuni 2016}) 18. Bg3 Bxg3 19. fxg3 $146 ({Predecessor:} 19. hxg3 Qb6 20. Qd2 Rxf3 21. gxf3 Nxd4 22. Kg2 e5 {½-½ (92) Rasulov,V (2392)-Beheshtayeen,A (2178) Urumia 2008}) 19... Qb6 20. Ne5 Rf6 21. Nf7+ Kg8 22. Rxf6 gxf6 23. Nxh6+ Kg7 24. Be8 $11 Qxd4+ 25. Kh1 Ne5 26. Rf1 f5 27. Rf4 Qe3 28. Qd1 Bd7 29. Bxd7 Nxd7 30. Rxf5 Ne5 31. h4 Rc8 32. Rg5+ Ng6 33. Ng4 Qc1 34. Qxc1 Rxc1+ 35. Kh2 Kf7 36. h5 Nf8 37. h6 Ng6 38. Rh5 Rc8 39. Nf2 e5 0-1

[Event "GER-chT Youth Countries 2018"]
[Site "Wurzburg"]
[Date "2018.10.03"]
[Round "1"]
[White "Metzdorf, Matteo"]
[Black "Puls, Luisa"]
[Result "1-0"]
[ECO "B26"]
[WhiteElo "1806"]
[BlackElo "1456"]
[Annotator "NA"]
[PlyCount "71"]
[EventDate "2018.10.03"]
[EventType "team-tourn"]
[EventCountry "GER"]
[SourceTitle "playchess.com"]
[Source "ChessBase"]
[SourceQuality "1"]
[TimeControl "40/5400+30:1800+30"]

1. e4 c5 2. Nc3 d6 3. g3 g6 4. Bg2 Bg7 5. d3 Nc6 6. Be3 Rb8 7. Qd2 b5 8. f4 b4 9. Nd1 Nd4 {[%emt 0:09:31] B26: Closed Sicilian: 3 g3, lines with early Be3} (9... e6 10. Nf3 Nge7 11. d4 cxd4 12. Nxd4 Na5 13. Qd3 O-O 14. Nb3 Nac6 15. O-O a5 16. Rf2 a4 17. Nd4 Nxd4 18. Bxd4 {0-1 (41) Bachin,V (2406)-Chigaev,M (2577) St Petersburg 2018}) 10. c3 bxc3 11. bxc3 Nb5 12. Nf3 f5 $146 ({Predecessor:} 12... Nf6 13. O-O Ng4 14. d4 Nxe3 15. Qxe3 cxd4 16. cxd4 O-O 17. Nc3 Nxc3 18. Qxc3 Bg4 19. e5 Qd7 20. Rfc1 Rfc8 {½-½ (20) Steil Antoni,F (2122)-Oudot,J (2113) France 2008}) 13. O-O Nh6 14. e5 Ng4 15. d4 O-O 16. a4 Nc7 17. Nf2 Nxe3 18. Qxe3 Nd5 19. Qd2 Qa5 20. exd6 exd6 21. Qa2 $15 (21. Ne5 $5 Be6 22. Bxd5 Bxd5 23. dxc5 Qxc5 24. Nd7 Bxc3 25. Qd1 $11) 21... c4 22. Nd2 Be6 23. Nxc4 Qxc3 24. Nxd6 Qxd4 25. Rad1 Nc7 26. Qc2 Qb6 27. Qd3 Qb4 28. Bc6 Rfd8 29. Rb1 Qc5 30. Rxb8 Rxb8 31. Bf3 Bf8 32. Nb7 Bc4 33. Nxc5 Bxd3 34. Ncxd3 Kg7 35. Rc1 Ne6 36. Kg2 1-0

[Event "GER-chT Youth Countries 2018"]
[Site "Wurzburg"]
[Date "2018.10.03"]
[Round "1"]
[White "Glinzner, Alva"]
[Black "Block, Timo"]
[Result "1/2-1/2"]
[ECO "C05"]
[WhiteElo "1787"]
[BlackElo "1777"]
[Annotator "NA"]
[PlyCount "108"]
[EventDate "2018.10.03"]
[EventType "team-tourn"]
[EventCountry "GER"]
[SourceTitle "playchess.com"]
[Source "ChessBase"]
[SourceQuality "1"]
[TimeControl "40/5400+30:1800+30"]

1. e4 e6 2. d4 d5 3. Nd2 Nf6 4. e5 Nfd7 5. f4 c5 6. c3 Nc6 7. Ndf3 Qb6 8. g3 cxd4 9. cxd4 Bb4+ 10. Kf2 f6 11. Kg2 O-O 12. Bd3 Kh8 13. Bc2 Be7 14. a3 Qc7 15. Be3 Nb6 16. b3 f5 17. Ng5 h6 18. h4 Bd7 19. N5h3 g6 20. h5 Rg8 21. hxg6 Rxg6 22. Ne2 Rag8 23. Kf3 Kg7 24. Nf2 Kf7 25. Rh3 Bf8 26. Qh1 Nxe5+ 27. fxe5 Qxc2 28. Rb1 Bb5 29. Nf4 Rg4 30. a4 Rxf4+ 31. Kxf4 Be2 32. Rc1 Qxb3 33. Qe1 Qd3 34. Rh4 h5 35. Rc7+ Ke8 36. Rh7 Qc4 37. Qd2 Be7 38. Rxe7+ Kxe7 39. Qc1 Qxc1 40. Bxc1 Nxa4 41. Ba3+ Kd7 42. Bb4 Bg4 43. Nd3 b6 44. Bd2 Rc8 45. Ke3 a5 46. Rh1 Nc3 47. Ra1 Ne4 48. Be1 Rc2 49. Nf4 Rb2 50. Ra3 Rc2 51. Rb3 Rc6 52. Ra3 Kc7 53. Ra1 Kb7 54. Nd3 Nc3 1/2-1/2

[Event "GER-chT Youth Countries 2018"]
[Site "Wurzburg"]
[Date "2018.10.03"]
[Round "1"]
[White "Reuter, Elisa"]
[Black "Hommer, Jeremy"]
[Result "1/2-1/2"]
[ECO "B13"]
[WhiteElo "1786"]
[BlackElo "1983"]
[Annotator "NA"]
[PlyCount "89"]
[EventDate "2018.10.03"]
[EventType "team-tourn"]
[EventCountry "GER"]
[SourceTitle "playchess.com"]
[Source "ChessBase"]
[SourceQuality "1"]
[TimeControl "40/5400+30:1800+30"]

1. e4 c6 2. d4 d5 3. exd5 cxd5 4. c4 Nf6 5. Nc3 Nc6 6. Nf3 e6 7. c5 Ne4 8. Qc2 Qa5 {[%emt 0:05:27] B14: Caro-Kann: Panov-Botvinnik Attack with 5...e6 and 5...g6} (8... Nxc3 9. Qxc3 a5 10. Bb5 Bd7 11. O-O Be7 12. Bf4 O-O 13. Rfe1 Ne5 14. Bxd7 Nxf3+ 15. Qxf3 Qxd7 16. Rac1 {½-½ (33) Sargissian,G (2675)-Antipov,M (2511) Warsaw 2013}) 9. Bd2 Nxd2 10. Qxd2 Bd7 11. Bb5 Be7 12. O-O Qc7 $146 ({Predecessor:} 12... b6 13. a3 bxc5 14. dxc5 Qc7 15. b4 Rb8 16. Rab1 {1-0 (32) Cherkasova,M (2015)-Guseva,M Serpukhov 1999}) 13. Bxc6 bxc6 14. b4 a5 15. a3 Qa7 16. Rab1 axb4 17. axb4 Rb8 18. Ne5 O-O 19. Ra1 Qb7 20. Rfb1 Ra8 21. Na4 Bd8 22. Qb2 Be8 23. Nc3 Rb8 24. Ra3 f6 25. Nd3 Bg6 26. Qe2 {[%emt 0:02:31] [#]} e5 $1 27. dxe5 fxe5 28. Rb2 $2 (28. b5 $1 $11 {und Weiss muss sich keine Sorgen machen.}) 28... Bxd3 (28... Bf6 $19 29. Rab3 Qf7) 29. Qxd3 e4 30. Qd2 Bh4 31. Nd1 Qf7 32. Qe2 d4 33. g3 Qg6 34. Rbb3 (34. Qc4+ $17 Kh8 35. Re2) 34... Rbe8 (34... d3 $19 35. Qd2 Bf6) 35. Qc4+ Kh8 36. Qxd4 Rd8 $1 37. Qa1 Bf6 38. Qb1 Bd4 39. Ne3 Qf7 40. Qe1 Qf3 41. Rb1 Rd7 {[%emt 0:15:41] [#]} 42. Ra2 $1 Rfd8 (42... h5 $14) 43. Qe2 Bc3 $18 (43... g5 $16) 44. Qxf3 exf3 45. h4 1/2-1/2

[Event "GER-chT Youth Countries 2018"]
[Site "Wurzburg"]
[Date "2018.10.03"]
[Round "1"]
[White "Weimert, Miriam"]
[Black "Roessel, Gino"]
[Result "1-0"]
[ECO "C18"]
[WhiteElo "1776"]
[BlackElo "1778"]
[Annotator "NA"]
[PlyCount "73"]
[EventDate "2018.10.03"]
[EventType "team-tourn"]
[EventCountry "GER"]
[SourceTitle "playchess.com"]
[Source "ChessBase"]
[SourceQuality "1"]
[TimeControl "40/5400+30:1800+30"]

1. e4 e6 2. d4 d5 3. Nc3 Bb4 4. e5 Ne7 5. a3 Bxc3+ 6. bxc3 c5 7. Qg4 O-O 8. Bd2 f5 9. Qd1 Nbc6 10. Nf3 h6 11. h4 Qc7 12. Bd3 Bd7 13. Qc1 Kh7 14. Rh3 c4 15. Be2 Qa5 16. Kf1 Rf7 17. Rg3 Rg8 18. Rb1 Qc7 19. Rh3 Rgf8 20. Rg3 Rg8 21. Qb2 b6 22. Kg1 Qd8 23. Kh2 Ng6 24. Rh1 f4 25. Rg4 Rf5 26. Kg1 h5 27. Rg5 Rgf8 28. Rxf5 Rxf5 29. Ng5+ Kh6 30. Qc1 Qf8 31. g3 Nge7 32. Bxf4 Kg6 33. Qd1 Qh8 34. Be3 Rxg5 35. hxg5 Kf7 36. Bxh5+ Kf8 37. Qf3+ 1-0

[Event "GER-chT Youth Countries 2018"]
[Site "Wurzburg"]
[Date "2018.10.03"]
[Round "1"]
[White "Kluehs, Gustaf"]
[Black "Flach, Helene"]
[Result "0-1"]
[ECO "D30"]
[WhiteElo "1775"]
[BlackElo "1844"]
[Annotator "NA RC"]
[PlyCount "140"]
[EventDate "2018.10.03"]
[EventType "team-tourn"]
[EventCountry "GER"]
[SourceTitle "playchess.com"]
[Source "ChessBase"]
[SourceQuality "1"]
[TimeControl "40/5400+30:1800+30"]

1. d4 d5 2. c4 e6 3. Nf3 Nf6 4. g3 Bb4+ 5. Bd2 Be7 6. Bg2 O-O 7. O-O c6 8. Qc2 b6 9. Bc1 {[%emt 0:02:27] E11: Bogo-Indian} (9. Rd1 Nbd7 10. Bf4 Bb7 11. Ne5 Nh5 12. Bd2 Nhf6 13. cxd5 cxd5 14. Nc6 Bxc6 15. Qxc6 a6 16. a4 Rc8 17. Qb7 Nb8 18. Na3 Qc7 19. Qxc7 Rxc7 {½-½ (52) Cheparinov,I (2710)-Kuzubov,Y (2699) Riadh 2017}) 9... Nbd7 10. b3 Ba6 11. Bb2 Rc8 12. Nbd2 c5 13. Rfc1 $146 ({Predecessor:} 13. e3 b5 14. Rfd1 bxc4 15. bxc4 cxd4 16. Nxd4 Nb6 17. Bc3 Nxc4 18. Nxc4 Bxc4 {0-1 (40) Carneiro,C (2209)-Fernandes,A (2402) Luso 2016}) 13... dxc4 14. bxc4 cxd4 15. Bxd4 Qc7 16. Qa4 Bb7 17. Rab1 Bc6 18. Qc2 Bc5 19. Nb3 Be4 20. Qb2 Bxb1 21. Qxb1 Bxd4 22. Nfxd4 Nc5 23. Nb5 Qe7 24. N3d4 a6 25. Nc3 Nfd7 26. Nc6 Qf6 27. Ne4 Nxe4 28. Qxe4 Rc7 29. Rd1 Rfc8 30. Qb1 Ne5 31. Nxe5 Qxe5 32. Qxb6 Qxe2 33. Rd4 Qe5 34. Bb7 Rf8 35. Re4 Qc5 36. Qxc5 $19 Rxc5 37. Bxa6 Ra5 38. Bb5 Rxa2 39. c5 Ra5 40. Rb4 Rb8 41. c6 Raxb5 42. Rc4 Rc8 43. c7 Rb7 44. Rd4 Rbxc7 45. Kg2 Kf8 46. h4 Ke7 47. Rg4 g6 48. h5 Rc4 49. f4 R8c5 50. hxg6 hxg6 51. Rh4 Rh5 52. Rg4 Kf6 53. Kg1 Kf5 54. Rg5+ Rxg5 55. fxg5 Kxg5 56. Kf2 Rc3 57. Kg2 Kg4 58. Kf2 Rxg3 59. Ke2 f5 60. Kf2 f4 61. Ke2 f3+ 62. Ke1 Rg2 63. Kf1 Kg3 64. Ke1 f2+ 65. Kd2 f1=Q+ 66. Ke3 Re2+ 67. Kd4 Qd1+ 68. Kc3 Rc2+ 69. Kb3 Qb1+ 70. Ka3 Ra2# 0-1

[Event "GER-chT Youth Countries 2018"]
[Site "Wurzburg"]
[Date "2018.10.03"]
[Round "1"]
[White "Basovskiy, Jana"]
[Black "Amato, Cristiano"]
[Result "0-1"]
[ECO "B40"]
[WhiteElo "1772"]
[BlackElo "1661"]
[Annotator "NA RC"]
[PlyCount "82"]
[EventDate "2018.10.03"]
[EventType "team-tourn"]
[EventCountry "GER"]
[SourceTitle "playchess.com"]
[Source "ChessBase"]
[SourceQuality "1"]
[TimeControl "40/5400+30:1800+30"]

1. e4 c5 2. Nf3 e6 3. d4 cxd4 4. Nxd4 Nf6 5. Nc3 Nc6 6. Ndb5 Bb4 7. a3 Bxc3+ 8. Nxc3 d5 9. exd5 exd5 10. Bd3 d4 11. Ne2 O-O 12. O-O h6 13. Re1 Bg4 14. f3 Bc8 15. Ng3 Nd5 16. Qe2 Bd7 17. Qe4 Nf6 18. Qh4 Qa5 19. Bxh6 gxh6 20. Qxf6 Qg5 21. Qxg5+ hxg5 22. Ne4 f6 23. Nc5 Be8 24. Nxb7 Rb8 25. Nd6 Ne5 26. Be4 Rxb2 27. Bd5+ Bf7 28. Nxf7 Nxf7 29. Rab1 Rxc2 30. Red1 Rd8 31. Bb3 Rc7 32. Kf2 Kg7 33. Bxf7 Kxf7 34. Rb4 Rc2+ 35. Kg3 d3 36. Re4 f5 37. Ree1 f4+ 38. Kg4 Kf6 39. h4 Rxg2+ 40. Kh3 Rg3+ 41. Kh2 Rh8 0-1

[Event "GER-chT Youth Countries 2018"]
[Site "Wurzburg"]
[Date "2018.10.03"]
[Round "1"]
[White "Butenandt, Svenja"]
[Black "Alferova, Emily"]
[Result "1-0"]
[ECO "D31"]
[WhiteElo "1762"]
[BlackElo "1316"]
[Annotator "NA"]
[PlyCount "103"]
[EventDate "2018.10.03"]
[EventType "team-tourn"]
[EventCountry "GER"]
[SourceTitle "playchess.com"]
[Source "ChessBase"]
[SourceQuality "1"]
[TimeControl "40/5400+30:1800+30"]

1. d4 d5 2. c4 e6 3. Nc3 c6 4. cxd5 cxd5 5. Nf3 Nc6 6. Bf4 Nf6 7. Nb5 Qa5+ 8. Nc3 Qb4 9. Bd2 Qxb2 10. Rb1 Qa3 11. Nb5 Qe7 12. Bf4 Nh5 13. Nc7+ Kd8 14. Bg5 f6 15. Nxa8 fxg5 16. e3 b6 17. Ne5 Nxe5 18. dxe5 g6 19. Qb3 Qb7 20. Nxb6 Qxb6 21. Qxb6+ axb6 22. Rxb6 Kc7 23. Rb1 Ba3 24. Be2 Rf8 25. O-O Bd7 26. Rb3 Ra8 27. Rfb1 Ra7 28. Rb8 Ng7 29. Rh8 Nf5 30. Rxh7 Ne7 31. Rb3 Nc6 32. Rc3 Bb2 33. Rc2 Bxe5 34. Bb5 Kd6 35. Bxc6 Rc7 36. Rxd7+ Rxd7 37. Bxd7 Kxd7 38. h3 Bd6 39. g3 e5 40. Kf1 d4 41. exd4 exd4 42. Ke2 Ke6 43. Kd3 Kd5 44. a4 Bb4 45. Rc4 Bc3 46. Rxc3 dxc3 47. Kxc3 Ke4 48. a5 Kf3 49. a6 Kxf2 50. a7 Kxg3 51. a8=Q Kxh3 52. Qf3+ 1-0

[Event "GER-chT Youth Countries 2018"]
[Site "Wurzburg"]
[Date "2018.10.03"]
[Round "1"]
[White "Doll, Rebecca"]
[Black "Hund, Sarah"]
[Result "0-1"]
[ECO "C55"]
[WhiteElo "1722"]
[BlackElo "2023"]
[Annotator "NA"]
[PlyCount "105"]
[EventDate "2018.10.03"]
[EventType "team-tourn"]
[EventCountry "GER"]
[SourceTitle "playchess.com"]
[Source "ChessBase"]
[SourceQuality "1"]
[TimeControl "40/5400+30:1800+30"]

1. e4 e5 2. Nf3 Nc6 3. Bc4 Nf6 4. d3 Be7 5. O-O d6 6. Bb3 {[%emt 0:00:35] C55: Two Knights: 4 d3, 4 d4 exd4 5 e5 and Max Lange Attack} (6. a4 Bg4 7. h3 Bh5 8. c3 Qd7 9. Re1 O-O-O 10. a5 a6 11. b4 g5 12. b5 Nb8 13. bxa6 Nxa6 14. d4 {1-0 (26) Anand,V (2779)-Naiditsch,A (2687) Doha 2016}) 6... Bg4 7. Nbd2 $146 ({Predecessor:} 7. c3 Qd7 8. Nbd2 O-O 9. Re1 d5 10. Qe2 Rfe8 11. Nf1 Rad8 12. h3 Bh5 13. Ng3 Bg6 14. Ba4 Bc5 15. Bg5 dxe4 16. dxe4 Qd3 17. Qxd3 Rxd3 18. Bxf6 gxf6 19. Bxc6 bxc6 {1-0 (77) Lobzhanidze,D (2512)-Bach,M (2339) Dortmund 2001}) 7... Nd7 8. c3 Nc5 9. Bc2 Ne6 10. Qe1 O-O 11. h3 Bh5 12. Nh2 Bg5 13. Ndf3 Bxc1 14. Rxc1 Qf6 15. Ng4 Qe7 16. Qd2 Nf4 17. d4 Rad8 18. Qe3 Bxg4 19. hxg4 Qe6 20. Nh2 Qxa2 21. g3 Ng6 22. d5 Nce7 {[%emt 0:00:58] [#]} 23. b3 (23. Ra1 $1 $16 Qc4 24. Rxa7) 23... c6 24. Qd2 Qa5 25. Ra1 Qb6 26. Kg2 Nc8 27. Nf3 Qc7 28. Rh1 Qd7 29. Nh2 f6 30. Qe2 Rf7 31. Nf1 b5 32. Ne3 Nb6 33. Bd3 cxd5 (33... Qc7 $142) 34. exd5 Qb7 35. c4 ({White should try} 35. Qf3 $16) 35... Nf8 36. Rh2 ({White should try} 36. cxb5 $11 g6 37. Qf3) 36... g6 37. Rah1 bxc4 38. bxc4 Na4 39. Rb1 Qc7 40. Qc2 Nc5 41. Be2 Rb8 42. Rhh1 Qc8 43. Rxb8 Qxb8 44. Ra1 a6 45. Nd1 Rb7 46. Ra2 Nfd7 47. Bd3 Rb3 48. Nb2 $2 (48. Bxg6 $17 hxg6 49. Qxg6+ Kf8 50. Ne3 Rxe3 51. Qh6+ Ke7 52. Qxe3) 48... Kg7 49. Be2 $19 Qb4 50. Nd3 Nxd3 51. Bxd3 Nc5 52. Be2 a5 53. Bd1 0-1

[Event "GER-chT Youth Countries 2018"]
[Site "Wurzburg"]
[Date "2018.10.03"]
[Round "1"]
[White "Pohle, Saskia"]
[Black "Hentschel, Lena"]
[Result "1-0"]
[ECO "B06"]
[WhiteElo "1690"]
[BlackElo "1533"]
[Annotator "NA"]
[PlyCount "73"]
[EventDate "2018.10.03"]
[EventType "team-tourn"]
[EventCountry "GER"]
[SourceTitle "playchess.com"]
[Source "ChessBase"]
[SourceQuality "1"]
[TimeControl "40/5400+30:1800+30"]

1. e4 g6 2. d4 Bg7 3. c4 d6 4. Nc3 Nd7 5. Nf3 Ngf6 6. Be2 O-O 7. O-O e5 8. h3 Re8 9. dxe5 dxe5 10. Be3 c6 11. Qc2 Qc7 12. Rfd1 b6 13. c5 Bb7 14. cxb6 axb6 15. Nb5 Qb8 16. Nd6 Re6 17. Qd2 Bf8 18. Nxb7 Qxb7 19. Bc4 Rd6 20. Qc2 Rxd1+ 21. Rxd1 Re8 22. Ng5 Re7 23. Qb3 Nc5 24. Bxc5 bxc5 25. Qxb7 Rxb7 26. Nxf7 Rxf7 27. a4 Nxe4 28. Bxf7+ Kxf7 29. a5 Nd6 30. a6 Nb5 31. Rd7+ Be7 32. Rb7 Nd6 33. Rxe7+ Kxe7 34. a7 Ke6 35. a8=Q Kd5 36. Qg8+ Kd4 37. Qxh7 1-0

[Event "GER-chT Youth Countries 2018"]
[Site "Wurzburg"]
[Date "2018.10.03"]
[Round "1"]
[White "Abele, Anais"]
[Black "Farokhi, Keyvan"]
[Result "0-1"]
[ECO "C47"]
[WhiteElo "1679"]
[BlackElo "1855"]
[Annotator "NA RC"]
[PlyCount "102"]
[EventDate "2018.10.03"]
[EventType "team-tourn"]
[EventCountry "GER"]
[SourceTitle "playchess.com"]
[Source "ChessBase"]
[SourceQuality "1"]
[TimeControl "40/5400+30:1800+30"]

1. e4 e5 2. Nf3 Nc6 3. Nc3 Nf6 4. d4 exd4 5. Nxd4 Bb4 6. Nxc6 bxc6 7. Bd3 d5 8. exd5 O-O 9. O-O cxd5 10. Bg5 c6 11. Qf3 Be7 12. Rfe1 Be6 13. h3 {[%emt 0:05:48] C47: Scotch Four Knights and Four Knights with 4 g3} Rb8 (13... h6 14. Bxh6 gxh6 15. Rxe6 fxe6 16. Qg3+ Kh8 17. Qg6 Qe8 18. Qxh6+ Kg8 19. Qg5+ Kh8 20. Qh6+ Kg8 {½-½ (20) Ricardi,P (2481)-Lorenzini,M (2484) San Luis 2013}) 14. Reb1 c5 $146 ({Predecessor:} 14... Re8 15. a3 Qc7 16. Bf4 Bd6 17. Bxd6 Qxd6 18. b3 Qe5 19. Na4 Nd7 20. Re1 Qg5 {1-0 (37) Gonzalez Costas,E-Barreiros Putnam,X Santiago de Compostela 2002}) 15. Bf5 d4 16. Ne2 Bd5 17. Qd3 h6 18. Bh4 g6 19. Bg4 (19. c4 $15) 19... Nxg4 20. Bxe7 Nxf2 21. Bxd8 Nxd3 22. Be7 (22. cxd3 $17 Rfxd8 23. b3) 22... Rfe8 ({Not} 22... Rxb2 23. Rxb2 Nxb2 24. Bxf8 $11) ({Inferior is} 22... Nxb2 23. Bxc5 Rfe8 24. Nf4 $11) 23. cxd3 Rxe7 24. Nf4 Be6 25. Nxe6 Rxe6 26. b3 Re3 27. Rd1 Rbe8 28. Rd2 Re2 29. Rad1 Kg7 30. Kf1 R2e3 31. Rc2 R8e5 32. Kf2 Kf6 33. a3 Kg5 34. b4 cxb4 35. axb4 Rf5+ 36. Kg1 Kh4 37. Rf2 Kg3 38. Rxf5 gxf5 39. Kf1 f4 40. Ra1 Re7 41. Ra6 Rb7 42. Rxh6 Rxb4 43. Rf6 Rb1+ 44. Ke2 Rb2+ 45. Kf1 Rf2+ 46. Ke1 Rxg2 47. Rxf7 Ra2 48. h4 f3 49. h5 f2+ 50. Kf1 Ra1+ 51. Ke2 Re1+ {[%emt 0:00:05] Kxe1} 0-1